 Dungeon Crawl Stone Soup version 0.24.0-13-gcf9b319 (webtiles) character file.

Game seed: 10150736229553664832, levelgen mode: deterministic

15570 shayl the Spear-Bearer (level 12, -1/104 HPs)
             Began as a Minotaur Fighter on Dec 10, 2019.
             Was a High Priest of Okawaru.
             Shot with a bolt by a yaktaur (11 damage)
             ... on level 15 of the Dungeon on Dec 11, 2019.
             The game lasted 00:57:28 (11610 turns).

shayl the Spear-Bearer (Minotaur Fighter)          Turns: 11610, Time: 00:57:28

Health: -1/104     AC: 21    Str: 26    XL:     12   Next: 2%
Magic:  11/11      EV:  7    Int: 10    God:    Okawaru [*****.]
Gold:   541        SH: 12    Dex: 10    Spells: 11/11 levels left

rFire    + . .     SeeInvis +   G - +8 lance "Wyrmbane" {slay drac, rPois rF+ rC+ AC+3}
rCold    + . .     Gourm    .   v - +0 shield
rNeg     . . .     Faith    .   o - +0 plate armour
rPois    +         Spirit   .   (helmet restricted)
rElec    .         Reflect  .   Y - +0 cloak {MR+}
rCorr    .         Harm     .   d - +1 pair of gloves
MR       ++...     Clarity  +   (no boots)
Stlth    ..........             (no amulet)
HPRegen  0.27/turn              w - ring of see invisible
MPRegen  0.12/turn              r - ring of flight

@: brilliant, very slightly contaminated, hasted, very quick
A: retaliatory headbutt, horns 2, clarity, magic resistance 1
a: Heroism, Finesse, Renounce Religion, Evoke Flight


You were on level 15 of the Dungeon.
You worshipped Okawaru.
Okawaru was extremely pleased with you.
You were not hungry.

You visited 2 branches of the dungeon, and saw 15 of its levels.

You collected 541 gold pieces.

Inventory:

Hand Weapons
 c - a +1 dire flail of protection
 k - a +3 short sword of draining
 s - a +1 dagger of freezing
 G - the +8 lance "Wyrmbane" (weapon) {slay drac, rPois rF+ rC+ AC+3}
   (You found it on level 7 of the Dungeon)

   It affects your AC (+3).
   It protects you from fire.
   It protects you from cold.
   It protects you from poison.
 P - a +3 war axe of freezing
 S - a +0 broad axe of venom
Missiles
 p - 30 boomerangs (quivered)
 R - 12 silver javelins
Armour
 b - a +0 scale mail
 d - a +1 pair of gloves (worn)
 m - a +0 cloak
 o - a +0 plate armour (worn)
 u - a +0 pair of gloves
 v - a +0 shield (worn)
 N - the cursed +0 troll leather armour of the Hidden Vale {Regen+ Dex+4, unknown}
   (You found it on level 11 of the Dungeon)

   It affects your dexterity (+4).
   It increases your rate of regeneration.
   It has a curse placed upon it.
 Y - a +0 cloak of magic resistance (worn)
Jewellery
 r - a ring of flight (right hand)
 w - a ring of see invisible (left hand)
 A - an uncursed ring of poison resistance {unknown}
Wands
 x - a wand of iceblast (11)
 F - a wand of flame (14)
 K - a wand of acid (22)
 W - a wand of polymorph (5)
 X - a wand of digging (5)
Scrolls
 a - a scroll of enchant armour {unknown}
 g - 6 scrolls of remove curse
 B - a scroll of random uselessness {unknown}
 C - a scroll of vulnerability {unknown}
 D - a scroll of brand weapon {unknown}
 H - a scroll of enchant weapon
 L - 2 scrolls of noise
 U - a scroll of magic mapping {unknown}
 V - a scroll of torment {unknown}
Potions
 e - 4 potions of lignification
 h - 4 potions of curing
 i - a potion of mutation
 j - 2 potions of berserk rage {unknown}
 n - 3 potions of agility {unknown}
 q - 2 potions of brilliance
 t - a potion of invisibility {unknown}
 z - 3 potions of haste
 I - a potion of degeneration
 J - a potion of resistance {unknown}
 M - a potion of cancellation {unknown}
 T - a potion of ambrosia {unknown}
 Z - a potion of might
Comestibles
 f - 18 rations


   Skills:
 + Level 9.1 Fighting
 - Level 6.8 Short Blades
 - Level 4.9 Maces & Flails
 * Level 12.7 Polearms
 + Level 7.5 Throwing
 + Level 9.7 Armour
 + Level 1.8 Dodging
 - Level 0.1 Stealth
 + Level 9.3 Shields


You had 11 spell levels left.
You didn't know any spells.
Your spell library contained the following spells:

 Spells                   Type           Power        Failure   Level  Hunger
 Shock                    Conj/Air       #...         54%         1    ##.....
 Swiftness                Chrm/Air       #.......     67%         2    ###....
 Static Discharge         Conj/Air       #.......     85%         3    ####...
 Airstrike                Air            #.........   99%         4    #####..
 Lightning Bolt           Conj/Air       #.........   100%        5    ######.


Dungeon Overview and Level Annotations

Branches:
Dungeon (12/15)            Temple (1/1) D:5             Orc (0/2) D:9
   Lair: D:8-11

Altars:
Dithmenos
Elyvilon
Fedhas
Gozag
Kikubaaqudgha
Nemelex Xobeh
Okawaru
Qazlal
Ru
Sif Muna
Trog
Uskayaw
Vehumet
Wu Jian
Xom
Yredelemnul
Zin
The Shining One

Annotations:
D:10 3 runed translucent doors, Snorg


Innate Abilities, Weirdness & Mutations

You reflexively headbutt those who attack you in melee.
You have a pair of horns on your head.
You possess an exceptional clarity of mind.
You are resistant to hostile enchantments. (MR+)


Message History

You block the fire bat's attack.
The yaktaur shouts!
The yaktaur shoots a bolt.
The bolt barely misses you.
The bolt hits the fire bat!!
The fire bat dies!
The fire bat's shape twists and changes as it dies.
The yaktaur shoots a bolt.
The bolt hits you!
* * * LOW HITPOINT WARNING * * *
You see here a bolt.
Okay, then.
You don't know any spells.
As you read the scroll labeled LOINAU RUEFEOM, it crumbles to dust.
You hear a loud clanging noise!
It was a scroll of noise.
You hear two shouts!
The yaktaur shoots a bolt.
You block the bolt.
As you read the scroll labeled IMOREG AFOLUPT, it crumbles to dust.
It is a scroll of amnesia.
You feel forgetful for a moment.
The yaktaur shoots a bolt.
The bolt hits you!
You die...

#.........# #.§.....
#.....(.Q.# #..# #..#####
#..#####..# #..# #..# # #..#
#.(####..########..# # #..#
#..................# # #..#
#...W..............# #
#..#####............####..#####
#............Z(.....# #.....O.
#..........z.z@.....# #.......
#............z......# #..#####
#...................# #..# #
#...................####..# #
#....☼☼○R..........c.c....# #
#..○☼.....########........# #
#.........# #c.####..# #
#.°.......# #..# #..# #
........R########..####..#####


You could see 3 yaktaurs, an efreet, a tengu conjurer, a shadow (invisible), 3
wights and a centaur warrior zombie.

Vanquished Creatures
  A hydra (D:9)
  3 two-headed ogres
  2 unseen horrors
  2 ugly things (D:11)
  2 centaur zombies (D:11)
  Psyche (D:11)
  Joseph (D:9)
  A centaur skeleton (D:11)
  A kobold demonologist (D:13)
  A troll (D:10)
  Prince Ribbit (D:9)
  3 hippogriffs
  6 yaks
  A wyvern (D:9)
  A wraith (D:12)
  4 fire bats (D:8)
  A hungry ghost (D:7)
  2 water moccasins
  A hell hound (D:8)
  9 orc warriors
  3 ice beasts
  3 sky beasts
  2 black bears
  3 phantoms
  A necrophage (D:9)
  7 ogres
  2 centaurs
  5 big kobolds
  Blork the orc (D:6)
  9 bullfrogs
  5 scorpions
  A water moccasin skeleton (D:9)
  8 killer bees
  A howler monkey (D:11)
  5 crimson imps
  2 lava snakes (D:8)
  4 hounds
  5 jellies
  5 bullfrog skeletons
  7 orc priests
  15 orc wizards
  Jessica (D:2)
  3 iguanas
  A gnoll shaman (D:5)
  8 worker ants
  2 hound skeletons (D:11)
  Robin (D:2)
  2 worker ant zombies
  8 adders
  9 gnolls
  A shadow imp (D:8)
  An ooze (D:1)
  4 adder skeletons
  4 worms
  2 dart slugs
  3 leopard geckos
  56 orcs
  9 giant cockroaches
  14 hobgoblins
  7 jackals
  28 kobolds
  3 quokkas
  8 bats
  2 frilled lizards
  13 goblins
  A jackal skeleton (D:6)
  2 leopard gecko skeletons (D:5)
  8 rats
  A fire vortex (D:8)
340 creatures vanquished.

Vanquished Creatures (others)
  A fire bat (shapeshifter) (D:15)
  A wight (D:15)
  A fire vortex (D:8)
3 creatures vanquished.

Grand Total: 343 creatures vanquished

Notes
Turn   | Place    | Note
-------+----------+-------------------------------------------
     0 | D:1      | shayl the Minotaur Fighter began the quest for the Orb.
     0 | D:1      | Reached XP level 1. HP: 19/19 MP: 0/0
   246 | D:1      | Reached XP level 2. HP: 26/27 MP: 1/1
  1205 | D:2      | Noticed Jessica
  1207 | D:2      | Killed Jessica
  1207 | D:2      | Reached XP level 3. HP: 33/33 MP: 2/2
  1271 | D:2      | Noticed a scorpion
  1276 | D:2      | Killed a scorpion
  1276 | D:2      | Reached XP level 4. HP: 39/40 MP: 3/3
  1594 | D:2      | Noticed Robin
  1605 | D:2      | Killed Robin
  1610 | D:2      | Reached XP level 5. HP: 34/46 MP: 4/4
  2541 | D:3      | Found a stormy altar of Qazlal.
  2611 | D:3      | Reached skill level 5 in Armour
  3139 | D:3      | Reached skill level 1 in Dodging
  3197 | D:4      | Reached XP level 6. HP: 49/53 MP: 5/5
  3330 | D:4      | Reached skill level 1 in Short Blades
  3330 | D:4      | Reached skill level 5 in Shields
  3645 | D:4      | Reached XP level 7. HP: 38/60 MP: 6/6
  4212 | D:5      | Entered Level 5 of the Dungeon
  4424 | D:5      | Found a staircase to the Ecumenical Temple.
  4441 | Temple   | Entered the Ecumenical Temple
  4447 | Temple   | Became a worshipper of Warmaster Okawaru
  4562 | D:5      | Reached skill level 5 in Fighting
  4626 | D:5      | Reached skill level 1 in Throwing
  4875 | D:6      | Noticed Blork the orc
  4880 | D:6      | Killed Blork the orc
  4999 | D:6      | Reached XP level 8. HP: 46/68 MP: 7/7
  5005 | D:6      | Reached skill level 5 in Short Blades
  5018 | D:6      | Reached * piety under Okawaru
  5654 | D:6      | Found an opulent altar of Gozag.
  5881 | D:7      | Found the +8 lance "Wyrmbane" {slay drac, rPois rF+ rC+
                  | AC+3}
  5899 | D:7      | Reached ** piety under Okawaru
  5903 | D:7      | Gained mutation: You possess an exceptional clarity of
                  | mind. [potion of mutation]
  5903 | D:7      | Gained mutation: You are resistant to hostile enchantments.
                  | (MR+) [potion of mutation]
  5964 | D:7      | Reached XP level 9. HP: 59/75 MP: 8/8
  6387 | D:7      | Reached skill level 1 in Polearms
  6620 | D:7      | Reached skill level 2 in Polearms
  6640 | D:7      | Found a shadowy altar of Dithmenos.
  6863 | D:8      | Reached *** piety under Okawaru
  6863 | D:8      | Reached skill level 3 in Polearms
  6870 | D:8      | Reached skill level 5 in Throwing
  7165 | D:8      | Reached skill level 4 in Polearms
  7707 | D:8      | Reached skill level 5 in Polearms
  7721 | D:8      | Received a gift from Okawaru
  7734 | D:8      | Reached XP level 10. HP: 67/84 MP: 9/9
  7760 | D:8      | Reached skill level 6 in Polearms
  8037 | D:9      | Reached **** piety under Okawaru
  8041 | D:9      | Reached skill level 7 in Polearms
  8356 | D:9      | Noticed Prince Ribbit
  8380 | D:9      | Received a gift from Okawaru
  8387 | D:9      | Reached skill level 8 in Polearms
  8408 | D:9      | Killed Prince Ribbit
  8448 | D:9      | Noticed a two-headed ogre
  8455 | D:9      | Killed a two-headed ogre
  8455 | D:9      | Reached skill level 9 in Polearms
  8586 | D:9      | Noticed a four-headed hydra
  8599 | D:9      | Killed a four-headed hydra
  8599 | D:9      | Reached ***** piety under Okawaru
  8599 | D:9      | Reached skill level 10 in Polearms
  8735 | D:9      | Noticed a two-headed ogre
  8746 | D:9      | Killed a two-headed ogre
  8746 | D:9      | Reached XP level 11. HP: 75/91 MP: 10/10
  8956 | D:9      | Noticed Joseph
  8972 | D:9      | Killed Joseph
  8972 | D:9      | Reached skill level 11 in Polearms
  9040 | D:9      | Found a staircase to the Orcish Mines.
  9288 | D:10     | Entered Level 10 of the Dungeon
  9633 | D:10     | Received a gift from Okawaru
  9659 | D:10     | Noticed a two-headed ogre
  9678 | D:10     | Killed a two-headed ogre
  9756 | D:10     | Found a runed translucent gate.
  9756 | D:10     | Found a runed translucent gate.
  9756 | D:10     | Found a runed translucent gate.
  9757 | D:10     | Noticed a cyan ugly thing
  9779 | D:10     | Noticed Snorg
  9908 | D:11     | Noticed Psyche
  9916 | D:11     | Killed Psyche
 10101 | D:11     | Noticed a brown ugly thing
 10174 | D:11     | Reached skill level 12 in Polearms
 10182 | D:11     | Noticed a brown ugly thing
 10368 | D:11     | Killed a white ugly thing
 10389 | D:11     | Killed a white ugly thing
 10660 | D:11     | Got a steaming troll leather armour
 11033 | D:12     | You fall into a shaft and drop 1 floor!
 11042 | D:13     | Received a gift from Okawaru
 11162 | D:13     | Noticed an unseen horror
 11178 | D:13     | Killed an unseen horror
 11285 | D:13     | You fall into a shaft and drop 2 floors!
 11285 | D:15     | Entered Level 15 of the Dungeon
 11285 | D:15     | Noticed a tengu warrior
 11307 | D:15     | Noticed an unseen horror
 11322 | D:15     | Killed an unseen horror
 11322 | D:15     | Reached XP level 12. HP: 96/104 MP: 11/11
 11347 | D:15     | Noticed a centaur warrior
 11376 | D:15     | Found a sparkling altar of Nemelex Xobeh.
 11392 | D:15     | Noticed a centaur warrior
 11535 | D:15     | Noticed a two-headed ogre
 11610 | D:15     | Shot with a bolt by a yaktaur

Levels and vault maps discovered:
D:1:      shiori_arrival_elements, layout_basic
D:2:      layout_basic, kennysheep_generic_room_4, uniq_jessica, uniq_robin
D:3:      layout_basic, grunt_qazlal_sundering
D:4:      layout_loops_cross, first_ration
D:5:      layout_rooms, minmay_temple_entry_mist, serial_glass, glass_columns_b,
          glass_columns_a, grunt_ministairs_13
D:6:      layout_basic, nicolae_gozag_seed_capital, serial_glass,
          glass_columns_b, glass_columns_b, glass_columns_a, glass_columns_a,
          glass_columns_a, glass_columns_a, glass_columns_c, glass_columns_a,
          uniq_blork_the_orc
D:7:      layout_gridville, grunt_ogre_cave, mrwooster_statue_mirror,
          nicolae_dithmenos_the_darkroom
D:8:      layout_loops_cross, hangedman_incinerator
D:9:      layout_roguey, david_orc_4, hex_medium, uniq_joseph,
          uniq_prince_ribbit1
D:10:     layout_cave_pools, minmay_lair_entry_grove,
          ploomutoo_gammafunk_ghost_potion_laboratory, uniq_snorg
D:11:     layout_loops_ring, minmay_mirror_moons_of_madness, uniq_psyche
D:12:     layout_roguey [special_room_orc]
D:13:     minmay_angry_zag, layout_basic, hangedman_vaults_entry_quadrant_bands,
          gauntlet_entry_generic
D:15:     hangedman_depths_entry_civil_slaughter, layout_small_grid, basic_altar
Temple:   dpeg_three_leaves_temple

Skill      XL: |  1  2  3  4  5  6  7  8  9 10 11 |
---------------+----------------------------------+-----
Armour         | 4 5 6 7 8 9 |  9.7
Fighting       | 4 5 6 7 9 |  9.1
Maces & Flails | 3 4 |  4.9
Shields        | 4 5 6 7 8 9 |  9.3
Dodging        | 1 |  1.8
Short Blades   | 2 4 6 |  6.8
Throwing       | 2 4 5 6 7 |  7.5
Polearms       | 5 10 12 | 12.7
Stealth        | |  0.1

Action                   |  1- 3 |  4- 6 |  7- 9 | 10-12 || total
-------------------------+-------+-------+-------+-------++-------
Melee: Flail             |    50 |   122 |       |       ||   172
       Headbutt          |     9 |    26 |    52 |    83 ||   170
       Short sword       |       |    68 |   220 |       ||   288
       Lance             |       |       |   155 |   479 ||   634
Throw: Boomerang         |       |     7 |   131 |    75 ||   213
Invok: Heroism           |       |       |       |     1 ||     1
  Use: Potion            |     1 |     2 |     9 |     5 ||    17
       Scroll            |       |     4 |     3 |    13 ||    20
  Eat: Chunk             |     1 |     3 |     3 |     2 ||     9
       Ration            |       |     2 |     3 |     4 ||     9
Armor: Scale mail        |    24 |    68 |       |       ||    92
       Plate armour      |       |    15 |   211 |   166 ||   392
       Skin              |       |     5 |     5 |       ||    10
Dodge: Dodged            |    15 |    73 |    72 |    62 ||   222
Block: Shield            |    18 |   105 |   198 |   185 ||   506
